 Dungeon Crawl Stone Soup version 0.21-a0-538-gd16b88a (webtiles) character file.

77 Bluekicks the Conjurer (level 4, -1/24 HPs)
             Began as a Deep Elf Conjurer on Dec 16, 2017.
             Slain by Bunnehwyld's ghost (16 damage)
             ... on level 3 of the Dungeon.
             The game lasted 00:15:43 (1388 turns).

Bluekicks the Conjurer (Deep Elf Conjurer)          Turns: 1388, Time: 00:15:43

Health: -1/24      AC:  2    Str:  5    XL:     4   Next: 14%
Magic:  3/11       EV: 13    Int: 21    God:
Gold:   46         SH:  0    Dex: 15    Spells: 0/10 levels left

rFire    . . .     SeeInvis .   i - +0 short sword
rCold    . . .     Gourm    .   (no shield)
rNeg     . . .     Faith    .   a - +0 robe
rPois    .         Spirit   .   (no helmet)
rElec    .         Reflect  .   (no cloak)
rCorr    .         Harm     .   (no gloves)
MR       .....                  (no boots)
Stlth    ++........             (no amulet)
HPRegen  0.08/turn              (no ring)
MPRegen  0.12/turn              (no ring)

@: no status effects
A: no striking features
a: no special abilities


You were on level 3 of the Dungeon.
You were full.

You visited 1 branch of the dungeon, and saw 3 of its levels.

You collected 46 gold pieces.

Inventory:

Hand Weapons
 i - a +0 short sword (weapon)
 j - a +0 spear
Missiles
 h - 60 arrows
Armour
 a - a +0 robe (worn)
Scrolls
 f - a scroll of fog {unknown}
 g - a scroll of identify {unknown}
 p - a scroll of immolation {unknown}
Potions
 d - a potion of heal wounds {unknown}
 e - a potion of brilliance {unknown}
 l - a potion of berserk rage {unknown}
 n - 2 potions of mutation {unknown}
 o - a potion of curing {unknown}
Books
 b - a book of Conjurations

   Spells                             Type                      Level
   a - Magic Dart                     Conjuration                  1
   b - Searing Ray                    Conjuration                  2
   c - Dazzling Spray                 Conjuration/Hexes            3
   d - Fulminant Prism                Conjuration/Hexes            4
   e - Force Lance                    Conjuration/Translocation    4
   f - Iskenderun's Mystic Blast      Conjuration                  4
Comestibles
 c - 2 bread rations
 m - a royal jelly


   Skills:
 + Level 0.3 Fighting
 + Level 3.3 Dodging
 + Level 3.5 Stealth
 + Level 3.8 Spellcasting
 + Level 4.9 Conjurations


You couldn't memorise any spells.
You knew the following spells:

 Your Spells              Type           Power        Failure   Level  Hunger
a - Magic Dart            Conj           ###.         1%          1    None
b - Searing Ray           Conj           ###...       2%          2    #......
c - Dazzling Spray        Conj/Hex       ##....       13%         3    ###....
d - Iskenderun's Mystic   Conj           ###.....     16%         4    ####...


Dungeon Overview and Level Annotations

Branches:
Dungeon (3/15)

Altars:

Annotations:
D:3 Bunnehwyld's ghost, amateur TrMo


Message History

Aim: Bunnehwyld's ghost (hasn't noticed you)
The orb of energy misses Bunnehwyld's ghost.
The orb of energy explodes!
Bunnehwyld's ghost turns its malevolent gaze towards you.
Casting: Iskenderun's Mystic Blast
Confirm with . or Enter, or press ? or * to list all spells.
Aiming: Searing Ray
Press: ? - help, Shift-Dir - straight line, f/p - Bunnehwyld's ghost
Aim: Bunnehwyld's ghost The searing ray hits Bunnehwyld's ghost.
Bunnehwyld's ghost is lightly damaged. (Press . to maintain the ray.)
The searing ray hits Bunnehwyld's ghost.
Bunnehwyld's ghost is lightly damaged.
Bunnehwyld's ghost hits you!
The searing ray hits Bunnehwyld's ghost.
Bunnehwyld's ghost is moderately damaged.
Bunnehwyld's ghost hits you!
Ouch! That really hurt!
You die... ########## ......W@.# ##########

You could see Bunnehwyld's ghost.

Vanquished Creatures
  4 adders (D:2)
  A dart slug (D:1)
  A leopard gecko (D:2)
  3 bats
  2 giant cockroaches
  2 goblins (D:2)
  8 hobgoblins
  5 jackals (D:2)
  3 frilled lizards
  3 kobolds
  4 rats (D:2)
36 creatures vanquished.

Notes
Turn   | Place    | Note
-------+----------+-------------------------------------------
     0 | D:1      | Bluekicks the Deep Elf Conjurer began the quest for the Orb.
     0 | D:1      | Reached XP level 1. HP: 10/10 MP: 6/6
    85 | D:1      | Reached XP level 2. HP: 5/15 MP: 0/8
    89 | D:1      | Learned a level 2 spell: Searing Ray
   322 | D:1      | You fall through a shaft!
   687 | D:2      | Reached XP level 3. HP: 19/19 MP: 5/10
  1000 | D:2      | Reached XP level 4. HP: 24/24 MP: 7/11
  1050 | D:2      | Learned a level 3 spell: Dazzling Spray
  1055 | D:2      | Learned a level 4 spell: Iskenderun's Mystic Blast
  1384 | D:3      | Noticed Bunnehwyld's ghost (amateur TrMo)
  1388 | D:3      | Slain by Bunnehwyld's ghost

Vault maps used:
D:1:      giann_bridges, moated_statue
D:2:      first_bread, minivault_25

Skill      XL: |  1  2 |
---------------+-------+-----
Stealth        | 3 |  3.5
Dodging        | 3 |  3.3
Fighting       | |  0.3
Spellcasting   | |  3.8
Conjurations   | |  4.9

Action                   |  1- 3 |  4- 6 || total
-------------------------+-------+-------++-------
Melee: Dagger            |    10 |       ||    10
       Short sword       |       |     9 ||     9
 Cast: Magic Dart        |    39 |     6 ||    45
       Searing Ray       |     8 |     4 ||    12
       Iskenderun's Myst |       |     1 ||     1
       Dazzling Spray    |       |     1 ||     1
  Eat: Chunk             |       |     2 ||     2
       Meat ration       |       |     1 ||     1
Armor: Robe              |       |     5 ||     5
Dodge: Dodged            |    10 |     6 ||    16

Table legend:
 A = Spawn XP
 B = Non-spawn XP
 C = Spawn XP percentage of total XP
 D = Spawn monster count
 E = Non-spawn monster count
 F = Spawn count percentage of total count
 G = Total turns spent on level
                    A         B        C        D         E        F      G
               +---------+---------+-------+---------+---------+-------+---------
         Total |       0 |     111 |   0.0 |       0 |      36 |   0.0 |  1388
               +---------+---------+-------+---------+---------+-------+---------
           D:1 |       0 |      17 |   0.0 |       0 |       9 |   0.0 |   322
           D:2 |       0 |      94 |   0.0 |       0 |      27 |   0.0 |  1062
               +---------+---------+-------+---------+---------+-------+---------
